Map: Base du roi Sejong EC

Players

Worming - Winner!

  • Race: Zerg Zerg
  • League: Diamond

oGsJavah

  • Race: Terran Terran
  • League: Diamond

VOD

Have the link to the VOD?

Description

Time

  • Played on: July 13, 2016, 1:15 p.m.
  • Length: 21:57
Show
View Real Time Build Order
Export as new Build Order

Worming Zerg - Winner!

Build Orders: Hatch First 

Get SALT Encoding   

  12  0:01  Drone  
  13  0:12  Overlord  
  13  0:18  Drone  
  14  0:31  Drone x2  
  14  0:34  Drone  
  17  0:54  Hatchery  
  16  0:58  Drone x2  
  16  1:02  Extractor  
  17  1:14  Spawning Pool  
  17  1:17  Drone  
  17  1:22  Drone  
  18  1:30  Drone  
  19  1:42  Drone  
  20  2:01  Queen  
  20  2:06  Queen  
  20  2:07  Zergling x4  
  26  2:08  Overlord  
  26  2:11  Metabolic Boost  
  26  2:15  Drone  
  27  2:25  Drone  
  28  2:34  Zergling x2  
  28  2:38  Extractor  
  28  2:42  Spore Crawler  
  28  3:01  Drone  
  28  3:02  Drone x5  
  34  3:08  Extractor  
  34  3:11  Overlord x2, Evolution Chamber  
  32  3:19  Zergling x6  
  35  3:34  Drone x4  
  37  3:52  Zerg Missile Weapons Level 1  
  37  3:53  Lair  
  37  3:55  Drone x3  
  40  3:57  Hatchery  
  40  4:02  Roach Warren  
  38  4:18  Queen  
  38  4:21  Overlord  
  40  4:28  Drone x7  
  39  5:01  Drone x9  
  39  5:05  Glial Reconstitution  
  48  5:12  Pneumatized Carapace  
  48  5:18  Extractor  
  47  5:25  Roach x5  
  47  5:27  Overlord  
  57  5:43  Overlord x2  
  57  5:47  Zergling x2  
  58  5:55  Roach x3  
  64  5:57  Overlord x2  
  64  5:58  Zerg Missile Weapons Level 2  
  64  6:33  Hatchery  
  64  6:38  Extractor  
  58  6:40  Roach x2  
  58  6:41  Roach x10  
  58  6:45  Roach  
  58  6:46  Roach x3  
  89  7:11  Ravager  
  89  7:12  Ravager  
  91  7:18  Hatchery  
  88  7:29  Queen  
  90  7:31  Drone  
  90  7:33  Overlord x4  
  90  7:34  Overlord  
  91  7:44  Queen  
  91  7:47  Drone x4  
  97  7:54  Ravager  
  98  8:02  Overseer  
  98  8:09  Drone x7  
  98  8:10  Drone x3  
  108  8:16  Ravager  
  108  8:19  Zerg Ground Armor Level 1  
  109  8:26  Drone x3  
  112  8:30  Drone x3  
  112  8:33  Roach x5  
  125  8:37  Zergling x2  
  126  8:48  Overseer  
  126  9:04  Spire  
  119  9:10  Infestation Pit  
  119  9:14  Drone x5  
  119  9:25  Overlord x3  
  119  9:27  Drone x5  
  119  9:28  Drone x2  
  119  9:30  Overlord x4, Extractor  
  125  9:32  Extractor  
  124  9:42  Drone x3  
  124  9:43  Drone x3  
  124  9:44  Zergling x4  
  132  9:49  Overlord  
  132  9:50  Overlord  
  132  9:55  Overlord  
  132  10:11  Hive  
  132  10:12  Pathogen Glands, Overlord  
  132  10:13  Zergling x2, Overlord x2  
  132  10:14  Zergling x24  
  139  10:19  Hatchery  
  144  10:21  Zerg Flyer Weapons Level 1  
  144  10:22  Zerg Ground Armor Level 2  
  143  10:34  Zergling x6  
  143  10:35  Zergling x4  
  143  10:40  Infestor  
  143  10:41  Infestor x3  
  151  10:45  Extractor x2  
  151  10:49  Queen  
  151  10:57  Zergling x2  
  151  10:58  Zergling x6, Infestor  
  151  10:59  Infestor  
  151  11:01  Ravager  
  151  11:02  Ravager  
  161  11:09  Overseer  
  143  11:57  Drone x2  
  143  11:58  Drone x4  
  143  12:00  Overlord  
  149  12:07  Spore Crawler  
  137  12:11  Zergling x20, Roach x5  
  156  12:17  Mutalisk  
  156  12:18  Mutalisk x5  
  168  12:27  Drone x2  
  168  12:28  Drone x2  
  172  12:36  Drone x3  
  171  12:38  Queen x2  
  175  12:45  Greater Spire  
  175  12:50  Spore Crawler  
  174  12:53  Spine Crawler  
  169  13:12  Viper x3  
  171  13:17  Zerg Missile Weapons Level 3  
  177  13:26  Queen x2  
  156  13:41  Zergling x2, Roach x12  
  137  13:42  Zergling x16, Roach x3  
  153  13:52  Spine Crawler  
  153  13:54  Spine Crawler  
  151  13:56  Roach  
  151  13:57  Roach x9  
  170  14:04  Extractor  
  146  14:16  Roach  
  146  14:17  Roach x10  
  137  14:38  Zergling x18  
  110  14:51  Roach x6  
  86  15:07  Roach  
  86  15:08  Roach x3  
  94  15:14  Hatchery, Roach x3  
  90  15:39  Roach x3  
  90  15:40  Roach x6  
  98  15:53  Roach x7  
  104  15:58  Corruptor x3  
  104  16:18  Burrow  
  104  16:21  Roach x2  
  104  16:22  Infestor x2  
  112  16:39  Brood Lord  
  116  16:40  Brood Lord x2  
  116  16:41  Hatchery  
  115  16:47  Zergling x2  
  115  16:52  Roach  
  115  16:53  Roach x3  
  124  17:08  Mutalisk x3  
  117  17:36  Corruptor x5  
  127  17:37  Zergling x2  
  120  17:58  Corruptor x2  
  120  17:59  Zergling x6  
  120  18:00  Zergling x8  
  128  18:25  Corruptor x2  
  132  18:29  Zergling x2  
  114  18:54  Roach  
  114  18:55  Roach x11  
  136  19:19  Corruptor x3, Hatchery  
  136  19:20  Zergling x2, Corruptor  
  136  19:21  Zergling x2  
  125  19:47  Roach x9  
  111  20:10  Drone x5  
  111  20:11  Drone  
  111  20:13  Roach x6  
  128  20:26  Brood Lord x2  
  126  20:32  Zergling x2  
  126  20:33  Zergling x6  
  126  20:35  Zergling x2  
  131  20:46  Drone x2  
  133  20:54  Extractor  
  133  20:56  Brood Lord x2  
  136  21:05  Ravager  
  136  21:08  Zergling x14  
  138  21:23  Roach Warren  
Show
View Real Time Build Order
Export as new Build Order

oGsJavah Terran 

Build Orders: Reaper Expand, MMM Bio 

Get SALT Encoding   

  12  0:00  SCV  
  13  0:13  SCV  
  14  0:17  Supply Depot  
  14  0:25  SCV  
  15  0:38  SCV  
  15  0:40  Barracks  
  16  0:44  Refinery  
  16  0:50  SCV  
  17  1:03  SCV  
  18  1:15  SCV  
  19  1:30  Orbital Command  
  19  1:31  Reaper  
  20  1:45  Command Center  
  20  1:56  SCV  
  21  2:03  Barracks Reactor  
  21  2:10  Supply Depot  
  21  2:11  SCV  
  22  2:22  Factory  
  22  2:24  SCV  
  22  2:26  Refinery  
  23  2:41  SCV  
  23  2:42  Marine x2  
  26  3:03  Orbital Command  
  26  3:09  Barracks  
  26  3:13  Starport  
  26  3:14  Hellion  
  26  3:15  Barracks Tech Lab, Hellion  
  26  3:18  Barracks  
  26  3:19  SCV  
  31  3:31  SCV  
  32  3:36  Hellion x2  
  35  3:55  Viking  
  37  4:06  Supply Depot, SCV x2  
  39  4:22  Barracks Reactor, Stimpack  
  39  4:26  SCV x2  
  39  4:28  Supply Depot  
  39  4:29  Factory Tech Lab  
  41  4:34  Starport Reactor  
  42  4:38  SCV x2  
  35  5:00  Marine x4  
  35  5:01  Marine  
  35  5:03  Bunker  
  35  5:05  SCV x2  
  42  5:12  Siege Tank  
  45  5:16  Medivac x2  
  45  5:18  SCV  
  45  5:19  SCV  
  51  5:21  Refinery  
  51  5:25  Marine x4  
  55  5:35  Supply Depot  
  55  5:36  Marine  
  56  5:44  Siege Tank  
  56  5:49  Marine x3  
  62  5:50  Supply Depot  
  62  5:57  Marine x2  
  64  6:05  Supply Depot  
  64  6:07  Marine x3  
  64  6:08  Medivac  
  69  6:12  Medivac  
  69  6:14  Marine x2  
  73  6:25  Marine x2  
  73  6:26  Combat Shields  
  74  6:41  Marine x3  
  74  6:43  Siege Tank, Marine  
  74  6:45  Supply Depot  
  81  6:48  Marine  
  82  6:59  Marine  
  82  7:00  Marauder  
  82  7:15  Marine x2  
  82  7:16  Liberator, Marine  
  82  7:17  Marine  
  82  7:21  Marauder  
  85  7:24  Siege Tank  
  88  7:30  Supply Depot  
  88  7:31  Supply Depot  
  91  7:40  Command Center  
  91  7:43  SCV x2  
  93  7:44  Refinery  
  93  7:51  Marine  
  93  7:52  Marauder, Marine x3  
  93  7:53  Concussive Shells  
  99  8:09  Barracks  
  99  8:10  Barracks  
  99  8:16  Marauder, Marine x4  
  105  8:29  SCV x2  
  107  8:34  Marine x3  
  110  8:51  Marine  
  110  8:52  Marauder, Marine x2  
  115  8:57  Medivac  
  115  8:58  Medivac  
  115  9:01  Orbital Command  
  108  9:13  Marauder  
  108  9:16  Barracks Tech Lab  
  101  9:17  Barracks Tech Lab, Marine x3  
  101  9:18  Marine  
  101  9:21  Engineering Bay x2  
  101  9:23  Liberator x2, Siege Tank  
  108  9:30  Supply Depot  
  108  9:31  Supply Depot  
  108  9:35  Marauder  
  108  9:36  Marauder x2, Marine x4  
  124  9:50  Orbital Command  
  124  9:54  Marine  
  124  9:56  Terran Infantry Weapons Level 1, Terran Infantry Armor Level 1, Marauder  
  127  10:02  SCV x2  
  127  10:04  Marine  
  129  10:14  Supply Depot  
  129  10:16  Supply Depot  
  129  10:20  Supply Depot  
  129  10:23  Siege Tank, Marine  
  129  10:24  Marine x3  
  129  10:25  Marine  
  133  10:52  Supply Depot  
  133  10:53  Supply Depot  
  133  10:55  Supply Depot, SCV x3  
  136  11:07  Armory, SCV x2  
  136  11:08  Marine, Marauder  
  136  11:09  Marine, Marauder  
  136  11:10  Marine  
  136  11:11  Starport  
  144  11:41  Marauder x3, Marine x4  
  153  11:48  Siege Tank  
  153  11:49  Medivac x2  
  153  11:59  Marine x4  
  155  12:02  Marauder x3  
  161  12:16  Marine  
  161  12:17  Marine  
  161  12:19  Medivac  
  159  12:24  Marauder  
  159  12:25  Marine x2  
  159  12:26  Marauder x2  
  159  12:27  Siege Tank  
  159  12:28  Medivac  
  167  12:34  Marine x2  
  165  12:39  SCV x3  
  165  12:41  Liberator  
  165  12:43  Refinery x2, Marine  
  167  12:49  Medivac  
  169  12:51  SCV x2  
  169  12:58  Missile Turret  
  174  13:00  Missile Turret  
  174  13:02  Liberator  
  174  13:04  Marauder x3  
  174  13:05  Marine  
  182  13:25  Marauder  
  171  13:36  Marauder x2, Marine x4  
  141  13:47  Marauder  
  143  13:53  SCV x2  
  143  13:54  Marine x4  
  149  13:57  Marauder x2  
  152  14:08  Marauder  
  139  14:11  Marine x2  
  139  14:12  Marine x2  
  143  14:19  Marauder x2  
  145  14:29  Marine x3  
  145  14:30  Marauder, Marine  
  126  14:40  Marauder x2  
  126  14:43  Siege Tank  
  131  14:47  Marine x4  
  131  14:51  Marauder  
  124  14:55  Medivac x2  
  121  15:01  Marauder  
  121  15:02  Marauder  
  121  15:05  Marine x4  
  122  15:12  Marauder  
  122  15:15  Siege Tank  
  125  15:22  Marine  
  125  15:23  Marauder, Marine x4  
  125  15:25  Medivac  
  134  15:34  Marauder  
  124  15:40  Marine x2  
  124  15:41  Marauder, Marine x2  
  105  15:44  Marauder  
  105  15:47  Siege Tank  
  101  15:55  Marauder  
  98  15:58  Marine x3  
  98  15:59  Marine  
  98  16:02  Marine  
  103  16:05  Marine  
  103  16:14  Liberator x2  
  103  16:16  Marine  
  101  16:19  Siege Tank, Marine x4  
  101  16:20  Marauder  
  101  16:23  Marine  
  101  16:25  Orbital Command  
  117  16:34  Marauder  
  117  16:37  Marine x3  
  121  16:41  Marauder x2, Marine  
  126  16:47  Orbital Command  
  126  16:51  Siege Tank  
  126  16:53  Terran Infantry Weapons Level 2  
  129  16:55  Marine x2  
  129  16:56  Marauder  
  133  17:03  Marauder x2  
  133  17:06  Refinery  
  137  17:09  Refinery  
  134  17:21  Marine  
  134  17:22  Marauder, Marine x3  
  134  17:23  Marine  
  134  17:26  Viking x2  
  127  17:41  SCV x3  
  111  17:56  Viking x2  
  108  18:01  Marine x4, Marauder x3  
  111  18:19  Marine  
  110  18:22  Marauder  
  110  18:24  Marauder x2, Marine x3  
  110  18:26  Viking  
  109  18:36  Marine  
  101  18:42  Marine x3  
  101  18:44  Marauder  
  101  18:45  Viking, Marine x2  
  94  18:54  Marine  
  88  18:56  Viking  
  88  18:59  Marine x3  
  93  19:03  Marauder x2  
  93  19:04  Marine  
  93  19:06  Starport Reactor  
  93  19:08  Terran Ship Weapons Level 1  
  97  19:12  Marine  
  97  19:15  Viking  
  92  19:17  Marine x3  
  92  19:23  Marauder  
  92  19:24  Marine x2  
  90  19:26  Viking  
  90  19:30  Marine  
  95  19:35  Marine x2  
  91  19:42  Marauder x2  
  83  19:46  Marauder, Marine  
  83  19:48  Marine  
  83  19:51  Orbital Command  
  69  19:53  Marine x2  
  62  20:04  Marine, Marauder x2  
  62  20:06  Marine  
  68  20:07  Medivac x2, Viking, Marauder  
  76  20:17  SCV x2  
  78  20:25  Viking  
  80  20:29  SCV  
  80  20:31  Marauder  
  83  20:41  Marauder  
  85  20:47  Marauder  
  87  20:56  Marauder, Marine  
  90  20:57  Marine  
  91  21:09  Viking x2  
  95  21:21  Marine x2  
  95  21:22  Marine, Marauder x2  
Tags
 
Add a new tag
Caveats
  • Supply blocks, unpowered buildings, or Contaminate may cause inaccurate times.
  • Supply counts are checked every 10 seconds.